 Dungeon Crawl Stone Soup version 0.27.0-1-g7a089689b8 (webtiles) character file.

Game seed: 155732402493830667

28 EnegeticOcto the Shield-Bearer (level 3, 22/33 HPs)
             Began as a Deep Dwarf Fighter on Aug 2, 2021.
             Was a Follower of Zin.
             Quit the game on level 3 of the Dungeon.
             The game lasted 00:00:21 (681 turns).

EnegeticOcto the Shield-Bearer (Deep Dwarf Fighter)  Turns: 681, Time: 00:00:22

Health: 22/33      AC:  6    Str: 20    XL:     3   Next: 0%
Magic:  3/3        EV:  7    Int:  8    God:    Zin [*.....]
Gold:   0          SH:  9    Dex: 12    Spells: 2/2 levels left

rFire    . . .     SeeInvis .   a - +0 war axe
rCold    . . .     Faith    .   c - +0 kite shield
rNeg     . . .     Spirit   .   b - +0 scale mail
rPois    .         Reflect  .   (no helmet)
rElec    .         Harm     .   (no cloak)
rCorr    .         Rampage  .   (no gloves)
Will     .....                  (no boots)
Stlth    ..........             (no amulet)
HPRegen  0.00/turn              (no ring)
MPRegen  0.08/turn              (no ring)

@: no status effects
A: damage resistance, heal wounds, sense surroundings 1, no regeneration
a: Heal Wounds, Renounce Religion, Recite, Donate Gold


You were on level 3 of the Dungeon.
You worshipped Zin.
Zin was aware of your devotion.
You visited 1 branch of the dungeon, and saw 3 of its levels.

Inventory:

Hand Weapons
 a - a +0 war axe (weapon)
Armour
 b - a +0 scale mail (worn)
 c - a +0 kite shield (worn)
Scrolls
 e - 3 scrolls of amnesia {unknown}
 g - a scroll of identify {unknown}
 h - a scroll of teleportation {unknown}
 i - a scroll of fear {unknown}
 j - a scroll of fog {unknown}
 l - a scroll of summoning {unknown}
Potions
 d - a potion of might {@q3}
 f - a potion of lignification {unknown}
 k - a potion of heal wounds {unknown}


   Skills:
 + Level 2.9 Fighting
 * Level 3.0 Axes
 + Level 3.5 Armour
 + Level 3.6 Shields


You had 2 spell levels left.
You didn't know any spells.
Your spell library was empty.

Dungeon Overview and Level Annotations

Branches:
Dungeon (3/15)

Altars:
Zin


Innate Abilities, Weirdness & Mutations

You are resistant to damage.
You can heal yourself by infusing magical energy.
You passively map a small area around you.
You do not regenerate.


Message History

No target in view!
No target in view!
(D) Dungeon
Where to? (Enter - D:2, ? - help)
There is a stone staircase leading down here.
You climb downwards.
There is a stone staircase leading up here.
There is a stone staircase leading up here.
A quokka and a worm come into view.
The worm moves out of view.
A quokka is nearby!
You block the quokka's attack. x2
You hit the quokka.
The quokka is severely wounded.
You hit the worm. You block the quokka's attack. The quokka barely misses you.
You block the worm's attack.
You closely miss the quokka.
The quokka is severely wounded.
You completely miss the worm. The quokka bites you.
The worm bites you but does no damage. The quokka completely misses you.
You closely miss the quokka.
The quokka is severely wounded.
Your shield prevents you from hitting the worm.
You block the quokka's attack.
You closely miss the quokka.
The quokka is severely wounded.
You hit the worm. The quokka closely misses you. The quokka bites you.
You block the worm's attack. The worm bites you but does no damage.
You block the quokka's attack.
You closely miss the quokka.
The quokka is severely wounded.
You hit the worm.
The quokka bites you but does no damage.
The worm bites you.
Your shield prevents you from hitting the quokka.
The quokka is severely wounded.
You hit the worm. The quokka barely misses you. You block the quokka's attack.
You closely miss the quokka.
The quokka is severely wounded.
You hit the worm. The quokka barely misses you. The worm barely misses you.
The quokka bites you.
You closely miss the quokka.
The quokka is severely wounded.
You slash the worm! The quokka barely misses you. You block the worm's attack.
The quokka bites you.
You barely miss the quokka.
The quokka is severely wounded.
You slash the worm!
You kill the worm!
The quokka bites you.
The quokka bites you but does no damage.
You miss the quokka.
The quokka is severely wounded.
You block the quokka's attack. x2
You miss the quokka.
The quokka is severely wounded.
The quokka closely misses you.
The quokka bites you but does no damage.
You miss the quokka.
The quokka is heavily wounded.
The quokka bites you but does no damage. x2
You barely miss the quokka.
The quokka is heavily wounded.
You block the quokka's attack.
You slash the quokka!
You kill the quokka!
Your Axes skill increases to level 3!
No target in view!
l - a scroll labelled POTE NE NERIUB You enter the shallow water.
Moving in this stuff is going to be slow.
A spectral hobgoblin comes into view.
The spectral hobgoblin moves out of view.
Found a faded altar of an unknown god.
A spectral hobgoblin is nearby!
You enter the shallow water.
Moving in this stuff is going to be slow.
You block the spectral hobgoblin's attack.
The spectral hobgoblin hits you but does no damage.
Found a falchion.
You hit the spectral hobgoblin.
The spectral hobgoblin is almost destroyed.
You block the spectral hobgoblin's attack.
The spectral hobgoblin barely misses you.
Your unstable footing causes you to fumble your attack.
The spectral hobgoblin closely misses you.
You slash the spectral hobgoblin!
You destroy the spectral hobgoblin!
You have reached level 3!
Your experience leads to an increase in your attributes!
Increase (s)trength, (i)ntelligence, or (d)exterity?
You feel stronger.
You enter the shallow water.
Moving in this stuff is going to be slow.
There is a faded altar of an unknown god here.
You cannot tell which god this altar belongs to.
Convert to them anyway?
Zin accepts your prayer! Zin welcomes you!
You can now donate money to Zin.
You can now recite Zin's Axioms of Law.
Are you sure you want to abandon this character and quit the game? (Confirm with "yes".)

#*##.........####* ##
#),.......≈...... ,.#
..#.≈#≈##...##* ###.###
# ≈≈.#≈8≈....####......
#≈ ##≈#≈.#≈.............
#.≈#≈≈≈≈##...#####...#.#
#≈.≈..#....#####<..#
+≈.≈≈≈#....#.......#
+≈.≈.@#..###.###.#.#
+≈≈≈≈≈≈≈.# * #.#.#
#≈.≈≈.#.≈# , #.#.# *
##.≈..##≈# #.#.#
#≈#≈≈≈≈.#* ,* #.. *
.≈≈≈≈8 ,. ,... ##..### #
#.# * , .≈, , , ,


There were no monsters in sight!

Vanquished Creatures
  A worm (D:3)
  5 orcs (D:2)
  A ball python (D:2)
  2 giant cockroaches (D:2)
  2 goblins (D:2)
  A hobgoblin (D:2)
  A quokka (D:3)
  2 bats
  A frilled lizard (D:2)
  2 rats
  A spectral hobgoblin (D:3)
19 creatures vanquished.

Vanquished Creatures (others)
  4 toadstools (D:1)
4 creatures vanquished.

Grand Total: 23 creatures vanquished

Notes
Turn   | Place    | Note
-------+----------+-------------------------------------------
     0 | D:1      | EnegeticOcto the Deep Dwarf Fighter began the quest for the
                  | Orb.
     0 | D:1      | Reached XP level 1. HP: 20/20 MP: 1/1
   405 | D:2      | Reached XP level 2. HP: 27/27 MP: 2/2
   672 | D:3      | Found a faded altar of an unknown god.
   677 | D:3      | Reached XP level 3. HP: 22/33 MP: 3/3
   680 | D:3      | Became a worshipper of Zin the Law-Giver
   680 | D:3      | Reached * piety under Zin
   681 | D:3      | Quit the game

Illustrated notes

Levels and vault maps discovered:
D:1:      ldierk_water_garden, layout_basic, grunt_decor_clamped
D:2:      layout_basic
D:3:      layout_loops_ring, amcnicky_altar_gilded,
          dreamdust_ecumenical_altar_drowned_temple

Skill      XL: |  1  2 |
---------------+-------+-----
Axes           | 3 |  3.0
Fighting       | |  2.9
Armour         | |  3.5
Shields        | |  3.6

Action                   || total
-------------------------++-------
Melee: War axe           ||    56
Armor: Scale mail        ||    28
Dodge: Dodged            ||    31
Block: Kite shield       ||    34
